 Dungeon Crawl Stone Soup version 0.31-a0-1-g4198be8af4 (webtiles) character file.

Game seed: 12992359919241790392

2046 Jase the Slasher (level 9, -3/74 (77) HPs)
             Began as an Armataur Warper on Apr 30, 2023.
             Was a Priest of Nemelex Xobeh.
             Slain by a wight
             ... wielding a +7 great sword
              (17 damage)
             ... on level 5 of the Dungeon on May 1, 2023.
             The game lasted 00:21:15 (7711 turns).

Jase the Slasher (Armataur Warper)                  Turns: 7711, Time: 00:21:16

HP:   -3/74 (77)    AC:  8    Str: 16    XL:     9   Next: 4%
MP:   0/12          EV:  9    Int: 14    God:    Nemelex Xobeh [***...]
Gold: 279           SH:  0    Dex: 14    Spells: 4/11 levels left

rFire   . . .        a - +0 long sword
rCold   . . .        (no shield)
rNeg    . . .        v - +0 leather armour
rPois   .            (no helmet)
rElec   .            w - +0 cloak
rCorr   .            E - +1 pair of gloves
SInv    .            (no barding)
Will    .....        r - amulet of guardian spirit
Stlth   +++          (no ring)
HPRegen 0.32/turn    (no ring)
MPRegen 0.13/turn

%: guardian spirit, roll
@: lightly drained
A: large, rugged brown scales 3, deformed body, armoured tail, roll, long
tongue, awkward tongue
a: Renounce Religion, Draw Escape, Draw Destruction, Draw Summoning, Triple Draw


You were on level 5 of the Dungeon.
You worshipped Nemelex Xobeh.
Nemelex Xobeh was most pleased with you.
You visited 1 branch of the dungeon, and saw 6 of its levels.
You also visited: Sewer.

You collected 279 gold pieces.

Inventory:

Hand Weapons
 a - a +0 long sword (weapon)
 b - a +0 dagger
Missiles
 d - 7 boomerangs of dispersal (quivered)
 n - 2 silver javelins
 p - 8 poisoned darts
Armour
 v - a +0 leather armour (worn)
 w - a +0 cloak (worn)
 B - a +0 buckler
 E - a +1 pair of gloves (worn)
Jewellery
 h - a ring of fire
 r - an amulet of guardian spirit (around neck)
Wands
 u - a wand of flame (88)
 y - a wand of roots (12)
Scrolls
 c - 3 scrolls of blinking
 g - 6 scrolls of teleportation
 i - 3 scrolls of amnesia {unknown}
 j - 2 scrolls of noise {unknown}
 m - 3 scrolls of enchant armour {unknown}
 x - 3 scrolls of poison {unknown}
 z - a scroll of enchant weapon {unknown}
 A - 2 scrolls of fear {unknown}
 D - a scroll of fog {unknown}
Potions
 e - a potion of attraction
 f - a potion of ambrosia {unknown}
 k - 5 potions of heal wounds
 l - 2 potions of resistance {unknown}
 o - 4 potions of magic {unknown}
 q - a potion of flight {unknown}
 s - a potion of invisibility {unknown}
 t - a potion of lignification {unknown}
 C - 2 potions of mutation {unknown}


   Skills:
 + Level 4.3 Fighting
 * Level 6.0 Long Blades
 - Level 0.8 Throwing
 + Level 5.3 Armour
 - Level 1.3 Dodging
 + Level 5.0 Stealth
 - Level 1.7 Spellcasting
 + Level 5.4 Translocations
 + Level 4.2 Invocations


You had 4 spell levels left.
You knew the following spells:

 Your Spells              Type           Power      Damage    Failure   Level
a - Blink                 Tloc           32%        N/A       4%          2
b - Lesser Beckoning      Tloc           32%        N/A       4%          2
c - Teleport Other        Tloc           16%        N/A       10%         3

Your spell library contained the following spells:

 Spells                   Type           Power      Damage    Failure   Level
 Gell's Gravitas          Tloc           16%        N/A       10%         3
 Sting                    Tmut/Pois      4%         1d3       28%         1
 Vhi's Electric Charge    Tloc/Air       16%        N/A       28%         3
 Manifold Assault         Tloc           16%        N/A       30%         4
 Poisonous Vapours        Pois/Air       2%         N/A       41%         2
 Leda's Liquefaction      Hex/Erth       0%         N/A       96%         4
 Olgreb's Toxic Radiance  Pois           1%         N/A       96%         4
 Lee's Rapid Deconstruct  Erth           0%         3d4*      100%        5
 Statue Form              Tmut/Erth      0%         N/A       100%        6


Dungeon Overview and Level Annotations

Branches:
Dungeon (6/15)             Temple (0/1) D:4           Sewer (visited)

Altars:
Nemelex Xobeh
Okawaru
Ru
Sif Muna

Annotations:
D:4 3 runed translucent doors, superbruh's ghost, weakling DsMo
D:5 25 exclusions
D:6 3 runed translucent doors, Crazy Yiuf


Innate Abilities, Weirdness & Mutations

You are completely covered in rugged brown scales. (AC +3, +7% HP)
Armour fits poorly on your strangely shaped body.
You have a long armoured tail.
You roll when moving toward enemies. (Rampage)
Your long tongue fully drains potion bottles. (2x potion effects)
Your tongue gives you trouble enunciating. (1.5x scroll delay)


Message History

b - a +0 dagger (weapon)
A jelly comes into view.
The jelly moves out of view.
There is a stone staircase leading up here.
The wight hits you with a +7 great sword.
You feel drained.
You climb upwards.
Level annotation: 25 exclusions
There is a stone staircase leading down here.
a - a +0 long sword (weapon)
The wight hits you but does no damage.
You barely miss the wight.
The wight hits you with a +7 great sword!
You feel drained.
You barely miss the wight.
The wight hits you with a +7 great sword!
You barely miss the wight. The wight closely misses you.
You hit the wight.
The wight is lightly damaged.
The wight hits you with a +7 great sword!
You hit the wight.
The wight is moderately damaged.
The wight hits you with a +7 great sword!
You hit the wight but do no damage.
The wight is moderately damaged.
The wight barely misses you.
You hit the wight.
The wight is moderately damaged.
The wight hits you with a +7 great sword!
You hit the wight.
Your tail-slap misses the wight.
The wight is heavily damaged.
The wight hits you with a +7 great sword!
* * * LOW HITPOINT WARNING * * *
You hit the wight. You tail-slap the wight.
The wight is almost destroyed.
The wight hits you with a +7 great sword!
* * * LOW HITPOINT WARNING * * *
The wight hits you with a +7 great sword!!
You die...
Your body disappears without a glow.

......'.........'.......#
...####.........####...##
#.## ##.......## ##..#
### ##.....## #...#
##...## #.### ##'## #.#
#.# #[# ##.###### #.#
#......@# #.# ##...###z#
#.# #.....##.# #.#
##########...###<###.#
.........#..#[.......#
########......##.#####
###..####.# #...[.^.#
##.######


You could see a wight.

Vanquished Creatures
  Pikel (D:6)
  Grinder (D:4)
  A water moccasin (D:6)
  A black bear (D:6)
  A sky beast (D:6)
  An ice beast (D:6)
  2 ogres
  A lemure (D:6)
  Blork the orc (D:4)
  2 scorpions
  A jelly (D:6)
  3 hounds
  Jessica (D:3)
  Ijyb (D:3)
  3 orc wizards
  A sleepcap (D:4)
  An iguana (D:6)
  Natasha (thrice) (D:3)
  7 gnolls
  8 adders
  6 river rats
  A shadow imp (D:6)
  5 worms
  A dart slug (D:5)
  8 orcs
  9 endoplasms
  4 giant cockroaches
  4 goblins
  9 hobgoblins
  9 jackals
  13 kobolds
  4 quokkas
  9 ball pythons
  6 bats
  2 frilled lizards
  17 rats
148 creatures vanquished.

Vanquished Creatures (others)
  A plant (Sewer)
1 creature vanquished.

Grand Total: 149 creatures vanquished

Notes
Turn   | Place    | Note
-------+----------+-------------------------------------------
     0 | D:1      | Jase the Armataur Warper began the quest for the Orb.
     0 | D:1      | Reached XP level 1. HP: 18/18 MP: 3/3
   144 | D:1      | Reached skill level 2 in Long Blades
   254 | D:1      | Found a faded altar of an unknown god.
   270 | D:1      | Prayed at the altar of an unknown god.
   270 | D:1      | Became a worshipper of Nemelex Xobeh the Trickster
   270 | D:1      | Reached * piety under Nemelex Xobeh
   282 | D:1      | Reached XP level 2. HP: 25/25 MP: 4/4
   355 | D:1      | Received a gift from Nemelex Xobeh
  1035 | D:2      | Reached XP level 3. HP: 14/31 MP: 5/5
  1111 | D:2      | Learned a level 2 spell: Blink
  1114 | D:2      | Learned a level 2 spell: Lesser Beckoning
  1251 | D:2      | Reached skill level 1 in Stealth
  1652 | D:2      | Reached ** piety under Nemelex Xobeh
  2190 | D:3      | Reached XP level 4. HP: 38/38 MP: 6/6
  2199 | D:3      | Noticed Natasha
  2205 | D:3      | Killed Natasha
  2206 | D:3      | Reached skill level 1 in Invocations
  2331 | D:3      | Noticed Ijyb
  2352 | D:3      | Killed Ijyb
  2556 | D:3      | Noticed Natasha
  2573 | D:3      | Killed Natasha
  2574 | D:3      | Reached skill level 3 in Long Blades
  2574 | D:3      | Reached XP level 5. HP: 27/44 MP: 4/7
  2804 | D:3      | Noticed Natasha
  2810 | D:3      | Killed Natasha
  2833 | D:3      | Noticed Jessica
  2845 | D:3      | Killed Jessica
  2846 | D:3      | Reached XP level 6. HP: 34/53 MP: 4/8
  3373 | D:4      | Learned a level 3 spell: Teleport Other
  3376 | D:4      | Identified the +1 dagger "Magriuva" {freeze, MP+9}
  3528 | D:4      | Found a sacrificial altar of Ru.
  3569 | D:4      | Noticed Grinder
  3596 | D:4      | Paralysed by Grinder for 4 turns
  3609 | D:4      | Paralysed by Grinder for 5 turns
  3615 | D:4      | Paralysed by Grinder for 2 turns
  3618 | D:4      | Killed Grinder
  3619 | D:4      | Reached skill level 4 in Long Blades
  3619 | D:4      | Reached XP level 7. HP: 23/60 MP: 2/9
  4081 | D:4      | Noticed Blork the orc
  4089 | D:4      | Killed Blork the orc
  4180 | D:4      | Found a runed translucent gate.
  4241 | D:4      | Found a runed translucent gate.
  4242 | D:4      | Found a runed translucent gate.
  4244 | D:4      | Noticed superbruh's ghost (weakling DsMo)
  4333 | D:4      | Reached *** piety under Nemelex Xobeh
  4382 | D:4      | Found a staircase to the Ecumenical Temple.
  4586 | D:5      | Entered Level 5 of the Dungeon
  4741 | D:5      | HP: 3/60 [gnoll/+0 spear (2)]
  4751 | D:5      | Received a gift from Nemelex Xobeh
  4843 | D:5      | Identified the +7 chain mail "Edac" {rN+ Int+3}
  4990 | D:5      | Found an iron altar of Okawaru.
  5134 | D:5      | Found a glowing drain.
  5140 | Sewer    | Entered a sewer
  5378 | Sewer    | Reached XP level 8. HP: 57/67 MP: 7/10
  6400 | D:5      | Found a shimmering blue altar of Sif Muna.
  6400 | D:5      | You fall into a shaft and drop 1 floor!
  6402 | D:6      | Found a runed translucent door.
  6405 | D:6      | Found a runed translucent door.
  6457 | D:6      | Reached skill level 5 in Long Blades
  6703 | D:6      | Reached skill level 5 in Translocations
  6999 | D:6      | Found a runed translucent door.
  7000 | D:6      | Noticed Crazy Yiuf
  7182 | D:6      | Noticed Pikel
  7235 | D:6      | Killed Pikel
  7236 | D:6      | Reached skill level 6 in Long Blades
  7236 | D:6      | Reached skill level 5 in Armour
  7236 | D:6      | Reached XP level 9. HP: 44/75 MP: 2/12
  7396 | D:6      | Reached skill level 5 in Stealth
  7711 | D:5      | Slain by a wight

Illustrated notes

Levels and vault maps discovered:
D:1:      dpeg_arrival_castle, layout_basic,
          shapermc_ecumenical_altar_totnotflames
D:2:      layout_loops_corners
D:3:      layout_basic, uniq_natasha, uniq_ijyb, uniq_jessica
D:4:      layout_cave_pools, nicolae_ru_awakened_eye,
          minmay_temple_entry_antechambers, gammafunk_ghost_split, uniq_grinder,
          uniq_blork_the_orc
D:5:      layout_loops_corners, okawaru_trees_1, led_sif_pool,
          portal_sewer_entry_e
D:6:      lemuel_insect_pit, layout_basic,
          mainiacjoe_overflow_concentric_impassable, uniq_pikel, uniq_eustachio,
          uniq_crazy_yiuf_cottage

Skill      XL: |  1  2  3  4  5  6  7  8  9 |
---------------+----------------------------+-----
Long Blades    | 2 3 4 6 |  6.0
Fighting       | 2 3 4 |  4.3
Stealth        | 1 2 3 4 5 |  5.0
Armour         | 2 3 4 5 |  5.3
Invocations    | 1 2 3 4 |  4.2
Translocations | 4 5 |  5.4
Throwing       | |  0.8
Dodging        | |  1.3
Spellcasting   | |  1.7

Action                     |  1- 3 |  4- 6 |  7- 9 || total
---------------------------+-------+-------+-------++-------
  Melee: Falchion          |   128 |   143 |       ||   271
         Tailslap          |    17 |    24 |    42 ||    83
         Long sword        |       |    12 |   294 ||   306
         Dagger            |       |     3 |    21 ||    24
         Punch             |       |     1 |     6 ||     7
   Cast: Teleport Other    |       |     3 |     1 ||     4
         Blink             |       |       |     2 ||     2
    Use: Potion            |       |     1 |     7 ||     8
         Scroll            |       |       |     3 ||     3
   Stab: Sleeping          |     4 |     1 |    14 ||    19
         Distracted        |       |       |     1 ||     1
 Armour: Leather armour    |    40 |    64 |   106 ||   210
  Dodge: Dodged            |    44 |    54 |    99 ||   197

Table legend: (Time is in decaauts)
 A = Elapsed time spent in this place.
 B = Non-inter-level travel time spent in this place.
 C = Inter-level travel time spent in this place.
 D = Time resting spent in this place.
 E = Time spent auto-exploring this place.
 F = Levels seen in this place.
 G = Mean time per level.
                   A        B        C        D        E       F      G
               +--------+--------+--------+--------+--------+-----+--------+
         Total |   7774 |   7429 |    345 |   1374 |   4162 |   7 | 1110.6 |
       Dungeon |   6869 |   6524 |    345 |   1128 |   3729 |   6 | 1144.8 |
         Sewer |    904 |    904 |      0 |    246 |    433 |   1 |  904.0 |
               +--------+--------+--------+--------+--------+-----+--------+

Top non-repeatable levels by time:
     D:2: 1258 daAuts
     D:4: 1238 daAuts
     D:5: 1237 daAuts
     D:3: 1164 daAuts
     D:1: 988 daAuts
     D:6: 983 daAuts
   Sewer: 904 daAuts
